 Dungeon Crawl Stone Soup version 0.24.0-7-gb3623d2c88 (webtiles) character file.

Game seed: 6078996331476710986, levelgen mode: deterministic

662 Furryfag69 the Cleaver (level 7, -1/57 HPs)
             Began as a Minotaur Berserker on Nov 3, 2019.
             Was a Priest of Trog.
             Slain by a sky beast (5 damage)
             ... on level 5 of the Dungeon.
             The game lasted 00:08:06 (4625 turns).

Furryfag69 the Cleaver (Minotaur Berserker)         Turns: 4625, Time: 00:08:06

Health: -1/57      AC:  2    Str: 23    XL:     7   Next: 30%
Magic:  6/6        EV: 14    Int:  4    God:    Trog [***...]
Gold:   172        SH:  0    Dex: 10    Spells: 6/6 levels left

rFire    . . .     SeeInvis .   a - +1 hand axe
rCold    . . .     Gourm    .   (no shield)
rNeg     . . .     Faith    .   b - +0 animal skin
rPois    .         Spirit   .   (helmet restricted)
rElec    .         Reflect  .   (no cloak)
rCorr    .         Harm     .   (no gloves)
MR       .....                  (no boots)
Stlth    +.........             (no amulet)
HPRegen  0.19/turn              (no ring)
MPRegen  0.10/turn              (no ring)

@: no status effects
A: retaliatory headbutt, horns 2
a: Berserk, Trog's Hand, Renounce Religion


You were on level 5 of the Dungeon.
You worshipped Trog.
Trog was most pleased with you.
You were hungry.

You visited 1 branch of the dungeon, and saw 5 of its levels.

You collected 172 gold pieces.

Inventory:

Hand Weapons
 a - a +1 hand axe (weapon)
Armour
 b - a +0 animal skin (worn)
Wands
 k - a wand of disintegration (13)
Scrolls
 g - a scroll of remove curse
 h - 2 scrolls of identify
 m - a scroll of magic mapping
Potions
 d - a potion of haste
 e - a potion of invisibility
 f - a potion of curing
 i - a potion of agility
 j - a potion of mutation
 l - a potion of degeneration {unknown}
 o - a potion of brilliance {unknown}
Comestibles
 c - 2 rations
 n - 2 chunks of flesh


   Skills:
 - Level 3.6 Fighting
 + Level 8.1 Axes
 + Level 2.7 Armour
 + Level 5.6 Dodging
 + Level 1.2 Stealth
 + Level 0.1 Evocations


You had 6 spell levels left.
You didn't know any spells.
Your spell library was empty.

Dungeon Overview and Level Annotations

Branches:
Dungeon (5/15)
 Temple: D:4-7

Altars:
Hepliaklqana
Kikubaaqudgha
Sif Muna
The Shining One

Shops:
D:4 (=%


Innate Abilities, Weirdness & Mutations

You reflexively headbutt those who attack you in melee.
You have a pair of horns on your head.


Message History

You barely miss something. Something hits you but does no damage.
You miss something. Something hits you. Something shocks you.
You hit something.
You hear the slow rusting of a very distant drain.
Something hits you. Something shocks you.
You closely miss something. Something barely misses you.
You closely miss something. Something hits you. Something shocks you.
* * * LOW HITPOINT WARNING * * *
You miss something. Something hits you but does no damage.
You hit something. You headbutt something. You closely miss something.
A sky beast appears from thin air!
Reactivating autopickup.
The sky beast hits you.
* * * LOW HITPOINT WARNING * * *
The sky beast shocks you.
* * * LOW HITPOINT WARNING * * *
You closely miss the sky beast.
The sky beast is severely wounded.
The sky beast hits you.
You die...

#.# #.# #.# #.# #.##
#.# #..# #.# #.# ##
#.# #..##.## #.#
##.#.....###
#.#########$##........
#.............@Y......
#############...#.####
##.#..# #..#.# #.##...
#.. ... ### ... #..


You could see a sky beast.

Vanquished Creatures
  Eustachio (D:4)
  2 ogres (D:4)
  A bullfrog (D:5)
  A bullfrog skeleton (D:4)
  An iguana (D:4)
  An orc wizard (D:3)
  A worker ant (D:4)
  2 hound skeletons (D:4)
  Robin (D:3)
  5 adders
  An ooze (D:1)
  An adder zombie (D:4)
  A worm (D:3)
  3 dart slugs
  3 leopard geckos
  7 orcs
  4 giant cockroaches
  15 goblins
  9 hobgoblins
  11 jackals (D:3)
  3 quokkas
  A ball python (D:1)
  7 bats
  3 frilled lizards
  4 kobolds
89 creatures vanquished.

Notes
Turn   | Place    | Note
-------+----------+-------------------------------------------
     0 | D:1      | Furryfag69 the Minotaur Berserker began the quest for the
                  | Orb.
     0 | D:1      | Reached XP level 1. HP: 19/19 MP: 0/0
    50 | D:1      | Reached skill level 4 in Axes
   128 | D:1      | Reached XP level 2. HP: 25/26 MP: 1/1
   962 | D:2      | Reached XP level 3. HP: 28/31 MP: 2/2
  1443 | D:2      | Reached skill level 5 in Axes
  1556 | D:3      | Noticed Robin
  1562 | D:3      | Reached ** piety under Trog
  1817 | D:3      | Killed Robin
  1817 | D:3      | Reached XP level 4. HP: 27/39 MP: 3/3
  2672 | D:3      | Reached *** piety under Trog
  2674 | D:3      | Reached XP level 5. HP: 41/45 MP: 4/4
  2954 | D:3      | Reached skill level 6 in Axes
  3128 | D:4      | Found Hallen's Food Shoppe.
  3227 | D:4      | Noticed an ogre
  3239 | D:4      | Killed an ogre
  3239 | D:4      | Reached XP level 6. HP: 45/51 MP: 5/5
  3780 | D:4      | Found Miggycw's Weapon Shop.
  3787 | D:4      | Reached skill level 1 in Stealth
  3788 | D:4      | Found Bopan's Jewellery Emporium.
  3788 | D:4      | Reached skill level 7 in Axes
  4133 | D:4      | Reached skill level 5 in Dodging
  4227 | D:4      | Found a glowing golden altar of the Shining One.
  4230 | D:4      | Found an ancient bone altar of Kikubaaqudgha.
  4240 | D:4      | Found a shimmering blue altar of Sif Muna.
  4252 | D:4      | Found a hazy altar of Hepliaklqana.
  4252 | D:4      | Noticed Eustachio
  4258 | D:4      | Killed Eustachio
  4258 | D:4      | Reached XP level 7. HP: 57/57 MP: 6/6
  4466 | D:5      | Entered Level 5 of the Dungeon
  4584 | D:5      | Reached skill level 8 in Axes
  4625 | D:5      | Slain by a sky beast

Levels and vault maps discovered:
D:1:      psy_arrival_statuary, layout_basic
D:2:      layout_basic, hangedman_decor_clover_reticule
D:3:      layout_loops_ring, chequers_serial_rivers_room_a, uniq_robin
D:4:      layout_cave_pools, grunt_temple_overflow_cloverleaf, serial_shops,
          shop_statue, shop, shop, minmay_fountain_box, uniq_eustachio
D:5:      layout_loops_ring, gammafunk_temple_overflow_forgotten,
          nicolae_ru_the_path_less_chosen, first_ration, gup_sewer_entry_glass,
          tgw_kikubaaqudgha

Skill      XL: |  1  2  3  4  5  6  7 |
---------------+----------------------+-----
Axes           | 4 5 6 7 8 |  8.1
Dodging        | 3 4 5 |  5.6
Stealth        | 1 |  1.2
Fighting       | |  3.6
Armour         | |  2.7
Evocations     | |  0.1

Action                   |  1- 3 |  4- 6 |  7- 9 || total
-------------------------+-------+-------+-------++-------
Melee: Hand axe          |    75 |    87 |    26 ||   188
       Headbutt          |    12 |    21 |     3 ||    36
Invok: Berserk           |       |     5 |       ||     5
Evoke: Wand              |       |     1 |       ||     1
  Use: Scroll            |     7 |     7 |       ||    14
       Potion            |     1 |     1 |       ||     2
  Eat: Ration            |     1 |     3 |       ||     4
       Chunk             |     1 |       |     1 ||     2
Armor: Animal skin       |    17 |     6 |     4 ||    27
Dodge: Dodged            |    80 |    62 |     9 ||   151
